 Dungeon Crawl Stone Soup version 0.32-a0-132-g2d33c3cfaf (webtiles) character file.

Game seed: 11007058401809279720

16508 greenreed the Fighter (level 12, -2/115 HPs)
             Began as a Minotaur Fighter on Feb 9, 2024.
             Was an Elder of Makhleb.
             Slain by a catoblepas (10 damage)
             ... while petrified by a catoblepas
             ... on level 12 of the Dungeon.
             The game lasted 00:22:55 (13558 turns).

greenreed the Fighter (Minotaur Fighter)           Turns: 13558, Time: 00:22:56

Health: -2/115     AC: 16    Str: 27    XL:     12   Next: 10%
Magic:  15/15      EV:  2    Int:  5    God:    Makhleb [****..]
Gold:   734        SH:  0    Dex: 12    Spells: 11/11 levels left

rFire   . . .        a - +0 flail
rCold   . . .        c - +0 buckler
rNeg    + + +        r - +1 chain mail {Will+}
rPois   ∞            J - +0 hat {Stlth+}
rElec   .            b - +2 cloak
rCorr   .            (no gloves)
SInv    +            (no boots)
Will    +....        (no amulet) Stlth
                     A - ring of Agubb {Str+3 SInv}
HPRegen 0.39/turn    z - ring of positive energy
MPRegen 0.14/turn

%: no passive effects
@: petrified
A: horns 2, retaliatory headbutt
a: Renounce Religion, Minor Destruction, Lesser Servant of Makhleb, Major
Destruction


You were on level 12 of the Dungeon.
You worshipped Makhleb.
Makhleb was greatly pleased with you.
You visited 2 branches of the dungeon, and saw 13 of its levels.
You also visited: Ossuary.

You collected 734 gold pieces.

Inventory:

Hand Weapons
 a - a +0 flail (weapon)
Missiles
 e - 5 darts of dispersal
Armour
 b - a +2 cloak (worn)
 c - a +0 buckler (worn)
 r - a +1 chain mail of willpower (worn)
 J - a +0 hat of stealth (worn)
 N - the scarf "Rinwacir" {shadows, rC+ rN+ Dex+5}
   (You found it on level 11 of the Dungeon)

   Dex+5:     It affects your dexterity (+5).
   rC+:       It protects you from cold.
   rN+:       It protects you from negative energy.
Jewellery
 z - a ring of positive energy (right hand)
 A - the ring of Agubb (left hand) {Str+3 SInv}
   (You found it on level 5 of the Dungeon)

   [ring of see invisible]

   Str+3:     It affects your strength (+3).
   SInv:      It lets you see invisible.
 B - a +6 ring of dexterity
 E - a +6 ring of strength
 M - an amulet of magic regeneration
Wands
 n - a wand of digging (12)
 P - a wand of mindburst (5)
Scrolls
 g - 6 scrolls of enchant weapon {unknown}
 i - 6 scrolls of teleportation {unknown}
 j - 3 scrolls of immolation {unknown}
 k - 7 scrolls of fog {unknown}
 m - 6 scrolls of poison {unknown}
 o - 3 scrolls of butterflies {unknown}
 p - 3 scrolls of revelation {unknown}
 s - a scroll of blinking {unknown}
 t - 11 scrolls of identify {unknown}
 u - a scroll of brand weapon {unknown}
 y - 3 scrolls of vulnerability {unknown}
 D - 2 scrolls of noise {unknown}
 H - a scroll of acquirement {unknown}
 I - 3 scrolls of amnesia {unknown}
 K - 2 scrolls of fear {unknown}
 L - 2 scrolls of enchant armour {unknown}
Potions
 d - 5 potions of might
 f - 3 potions of magic {unknown}
 h - 3 potions of degeneration {unknown}
 l - 2 potions of haste {unknown}
 q - a potion of lignification {unknown}
 v - a potion of mutation {unknown}
 w - 4 potions of curing
 x - 3 potions of heal wounds
 C - 2 potions of brilliance {unknown}
 F - a potion of enlightenment {unknown}
 G - 2 potions of attraction {unknown}
 O - a potion of invisibility {unknown}


   Skills:
 * Level 13.4 Fighting
 * Level 13.1 Maces & Flails
 + Level 10.2 Armour
 + Level 10.1 Shields
 + Level 6.2 Invocations


You had 11 spell levels left.
You didn't know any spells.
Your spell library contained the following spells:

 Spells                   Type           Power      Damage    Failure   Level
 Slow                     Hex            0%         N/A       91%         1
 Scorch                   Fire           0%         2d5       97%         2
 Confusing Touch          Hex            0%         N/A       100%        3
 Gell's Gravitas          Tloc           0%         N/A       100%        3
 Sigil of Binding         Hex            0%         N/A       100%        3
 Teleport Other           Tloc           0%         N/A       100%        3
 Tukima's Dance           Hex            0%         N/A       100%        3
 Vampiric Draining        Necr           0%         2d6       100%        3
 Dimensional Bullseye     Hex/Tloc       0%         N/A       100%        4
 Flame Wave               Conj/Fire      0%         2d4       100%        4
 Iskenderun's Mystic Bla  Conj/Tloc      0%         2d3       100%        4
 Dispersal                Tloc           0%         N/A       100%        6
 Summon Cactus Giant      Summ           0%         N/A       100%        6


Dungeon Overview and Level Annotations

Branches:
Dungeon (12/15)            Temple (1/1) D:5            Lair (0/5) D:10
    Orc (0/2) D:10        Ossuary (visited)

Altars:
Ashenzari
Cheibriados
Dithmenos
Elyvilon
Fedhas
Gozag
Hepliaklqana
Kikubaaqudgha
Makhleb
Nemelex Xobeh
Okawaru
Qazlal
Ru
Sif Muna
Trog
Uskayaw
Vehumet
Wu Jian
Xom
Yredelemnul
Zin
The Shining One

Shops:
D:8 (([   D:10 *

Portals:
Trove: D:11 (give +6 demon trident)

Annotations:
D:12 Nessos


Innate Abilities, Weirdness & Mutations

You have a pair of horns on your head.
You reflexively headbutt those who attack you in melee.


Message History

Nessos kicks you but does no damage. You block Nessos's attack. x2
Nessos hits you but does no damage. Nessos kicks you but does no damage.
Nessos hits you but does no damage. Nessos kicks you but does no damage.
You have turned to stone.
You are engulfed in calcifying dust.
Nessos hits you but does no damage. Nessos kicks you. Nessos hits you!
* * * LOW HITPOINT WARNING * * *
Nessos kicks you.
* * * LOW HITPOINT WARNING * * *
You are engulfed in calcifying dust.
Nessos hits you but does no damage. Nessos kicks you but does no damage.
Nessos hits you.
* * * LOW HITPOINT WARNING * * *
Nessos kicks you but does no damage. Nessos hits you!
* * * LOW HITPOINT WARNING * * *
Nessos kicks you but does no damage. Nessos hits you but does no damage.
Nessos kicks you but does no damage. The catoblepas gores you!
* * * LOW HITPOINT WARNING * * *
Nessos hits you.
* * * LOW HITPOINT WARNING * * *
Nessos barely misses you. Nessos hits you but does no damage.
Nessos kicks you but does no damage. Nessos hits you!
* * * LOW HITPOINT WARNING * * *
Nessos kicks you but does no damage.
The catoblepas breathes a plume of calcifying dust at you.
The blast of calcifying dust hits you but does no damage.
The blast of calcifying dust hits Nessos!
A wraith comes into view.
You are engulfed in calcifying dust.
Nessos is engulfed in calcifying dust.
Nessos is moving more slowly.
Nessos hits you but does no damage. Nessos kicks you but does no damage.
Nessos is engulfed in calcifying dust.
Nessos stops moving altogether!
The catoblepas breathes a plume of calcifying dust at you.
The blast of calcifying dust hits you.
* * * LOW HITPOINT WARNING * * *
The blast of calcifying dust hits Nessos but does no damage.
You are engulfed in calcifying dust.
Nessos is engulfed in calcifying dust. x2
The catoblepas gores you!!
You die...

#######.# #.# #.# #<#
........#####.#####.#
#.####
#######.............#
#.....
#.###########.#
#.#### #.# #.# #.#
#.# #.# #.# #.# #.#
#.# ###.###########.#
#.# ...W....Y@c§....#
#.# ....#####.#####.#
#.# . #.# #.^. #.#
#.### #.# #.# #.# #.#
#.# #.# #.# #.# ...


You could see a catoblepas, Nessos (fast, petrified) and a wraith.

Vanquished Creatures
  Gastronok (D:8)
  3 two-headed ogres
  A skeletal warrior (D:10)
  Pikel (D:7)
  A cyclops (D:11)
  An ugly thing (D:10)
  A manticore (D:10)
  2 gargoyles (D:10)
  Maggie (D:6)
  A komodo dragon (D:10)
  Grinder (D:6)
  4 slime creatures (D:12)
  Sigmund (D:6)
  A shadow (D:12)
  2 wyverns (D:10)
  4 wraiths
  Eustachio (D:6)
  17 yaks
  2 steam dragons
  Edmund (D:5)
  2 acid dragons
  A water moccasin (D:5)
  5 sky beasts
  5 orc warriors
  3 black bears (D:6)
  2 ice beasts
  3 ogres
  7 centaurs
  4 lemures (D:7)
  A bullfrog (D:8)
  5 gnoll sergeants
  4 scorpions
  2 water moccasin zombies (Ossuary)
  5 wights
  3 killer bees (D:7)
  8 howler monkeys
  3 electric eels (D:10)
  2 bombardier beetles
  2 bullfrog zombies (Ossuary)
  4 centaur zombies (Ossuary)
  2 orc priests (D:4)
  3 hounds (D:5)
  3 jellies
  Crazy Yiuf (D:4)
  Jessica (D:2)
  A sleepcap (D:6)
  2 iguanas
  Natasha (thrice) (D:2)
  11 orc wizards
  A scorpion zombie (Ossuary)
  A mummy (D:7)
  25 gnolls
  12 adders
  3 shadow imps
  3 white imps
  2 ufetubi (D:7)
  3 ribbon worms
  4 dart slugs
  41 orcs
  5 ball pythons
  5 endoplasms
  4 giant cockroaches
  6 goblins
  5 hobgoblins
  3 jackals (D:1)
  9 kobolds
  2 quokkas (D:3)
  4 bats (D:2)
  4 frilled lizards
  A goblin skeleton (D:7)
  6 goblin zombies
  7 hobgoblin zombies
  3 kobold skeletons (D:7)
  A kobold zombie (D:7)
  6 orc zombies
  9 rats
320 creatures vanquished.

Vanquished Creatures (others)
  4 orcs
4 creatures vanquished.

Grand Total: 324 creatures vanquished

Notes
Turn   | Place    | Note
-------+----------+-------------------------------------------
     0 | D:1      | greenreed the Minotaur Fighter began the quest for the Orb.
     0 | D:1      | Reached XP level 1. HP: 19/19 MP: 0/0
   280 | D:1      | Reached XP level 2. HP: 27/27 MP: 1/1
   727 | D:2      | Noticed Natasha
   735 | D:2      | Killed Natasha
   736 | D:2      | Reached XP level 3. HP: 33/33 MP: 2/2
   753 | D:2      | Noticed Natasha
   759 | D:2      | Killed Natasha
   760 | D:2      | Reached XP level 4. HP: 41/41 MP: 3/3
   798 | D:2      | HP: 1/41 [gnoll/+0 halberd (4)]
   866 | D:2      | Noticed Natasha
   884 | D:2      | Killed Natasha
   885 | D:2      | Reached XP level 5. HP: 12/47 MP: 4/4
  1026 | D:2      | Found a faded altar of an unknown god.
  1037 | D:2      | Noticed Jessica
  1097 | D:2      | Killed Jessica
  1098 | D:2      | Reached skill level 5 in Fighting
  1771 | D:3      | Found a hide-covered altar of Uskayaw.
  1783 | D:3      | Found a basalt altar of Yredelemnul.
  1793 | D:3      | Reached XP level 6. HP: 51/56 MP: 5/5
  1928 | D:3      | Found an iron altar of Okawaru.
  2021 | D:4      | Reached skill level 5 in Maces & Flails
  2171 | D:4      | HP: 1/57 [orc priest/divine providence (12)]
  2390 | D:4      | Reached skill level 5 in Armour
  2390 | D:4      | Reached skill level 5 in Shields
  2593 | D:4      | Found a shadowy altar of Dithmenos.
  2795 | D:4      | Reached XP level 7. HP: 45/63 MP: 6/6
  3034 | D:4      | Found a runed translucent door.
  3035 | D:4      | Noticed Crazy Yiuf
  3162 | D:4      | Killed Crazy Yiuf
  3231 | D:5      | Entered Level 5 of the Dungeon
  3378 | D:5      | Noticed Edmund
  3387 | D:5      | Killed Edmund
  3618 | D:5      | Reached XP level 8. HP: 63/73 MP: 7/7
  3655 | D:5      | Found a staircase to the Ecumenical Temple.
  3664 | Temple   | Entered the Ecumenical Temple
  3852 | D:5      | Identified the ring of Agubb {Str+3 SInv}
  4583 | D:5      | Found a shimmering blue altar of Sif Muna.
  4583 | D:5      | Found a blossoming altar of Fedhas.
  4653 | D:6      | Found an ancient bone altar of Kikubaaqudgha.
  4681 | D:6      | Found a burning altar of Makhleb.
  4702 | D:6      | Became a worshipper of Makhleb the Destroyer
  4767 | D:6      | Found a broken altar of Ashenzari.
  4885 | D:6      | Noticed Grinder
  4918 | D:6      | Killed Grinder
  4919 | D:6      | Reached skill level 1 in Invocations
  4991 | D:6      | Reached XP level 9. HP: 82/82 MP: 9/9
  5044 | D:6      | Found an opulent altar of Gozag.
  5322 | D:6      | Found a bloodstained altar of Trog.
  5393 | D:6      | Noticed Eustachio
  5394 | D:6      | Noticed Sigmund
  5395 | D:6      | Noticed Maggie
  5407 | D:6      | Killed Sigmund
  5417 | D:6      | Killed Maggie
  5665 | D:6      | Killed Eustachio
  5730 | D:6      | Found a radiant altar of Vehumet.
  5811 | D:7      | Found a glowing golden altar of the Shining One.
  5815 | D:7      | Reached * piety under Makhleb
  5923 | D:7      | Noticed Pikel
  5966 | D:7      | Killed Pikel
  5967 | D:7      | Reached skill level 10 in Fighting
  5992 | D:7      | Found a sand-covered staircase.
  6000 | Ossuary  | Entered an ossuary
  6084 | Ossuary  | Reached ** piety under Makhleb
  6120 | Ossuary  | Reached XP level 10. HP: 92/93 MP: 11/11
  6123 | Ossuary  | Reached skill level 10 in Maces & Flails
  6291 | D:7      | Found a white marble altar of Elyvilon.
  7170 | D:8      | Found a sparkling altar of Nemelex Xobeh.
  7291 | D:8      | Found a shimmering altar of Xom.
  7292 | D:8      | Found Zyziro Qoah's Armour Emporium.
  7292 | D:8      | Found Wudojag's Weapon Emporium.
  7311 | D:8      | Found Xoczuir's Weapon Emporium.
  7406 | D:8      | Noticed Gastronok
  7419 | D:8      | Killed Gastronok
  7936 | D:8      | Found a glowing silver altar of Zin.
  8607 | D:9      | Found a hazy altar of Hepliaklqana.
  8612 | D:9      | Noticed a two-headed ogre
  8621 | D:9      | Killed a two-headed ogre
  8917 | D:9      | Noticed a two-headed ogre
  8929 | D:9      | Killed a two-headed ogre
  8930 | D:9      | Reached XP level 11. HP: 84/104 MP: 13/13
  9245 | D:9      | Found a stormy altar of Qazlal.
  9504 | D:9      | Reached *** piety under Makhleb
  9705 | D:9      | Found a snail-covered altar of Cheibriados.
  9733 | D:10     | Entered Level 10 of the Dungeon
  9733 | D:10     | Found Xumn's Elemental Accessories.
  9746 | D:10     | Reached skill level 5 in Invocations
  9794 | D:10     | Found a staircase to the Lair.
  9918 | D:10     | Noticed a brown ugly thing
  9943 | D:10     | Noticed a skeletal warrior
 10068 | D:10     | Killed a skeletal warrior
 10247 | D:10     | Killed a brown ugly thing
 10523 | D:10     | Found a staircase to the Orcish Mines.
 11803 | D:10     | Found a sacrificial altar of Ru.
 11972 | D:11     | Noticed a two-headed ogre
 12309 | D:11     | Killed a two-headed ogre
 12471 | D:11     | Identified the scarf "Rinwacir" {shadows, rC+ rN+ Dex+5}
 12522 | D:11     | Found a portal to a secret trove of treasure.
 12769 | D:11     | Reached **** piety under Makhleb
 12977 | D:11     | Reached skill level 10 in Armour
 13227 | D:12     | Reached skill level 10 in Shields
 13227 | D:12     | Reached XP level 12. HP: 111/115 MP: 15/15
 13535 | D:12     | Noticed Nessos
 13547 | D:12     | Noticed a catoblepas
 13550 | D:12     | HP: 3/115 [Nessos/arrow (4)]
 13558 | D:12     | Slain by a catoblepas

Illustrated notes

Levels and vault maps discovered:
D:1:      lightli_arrival_quake, layout_loops_ring, st_stairs_3
D:2:      kennysheep_big_flooded_room, layout_rooms,
          ebering_ecumenical_altar_rust, minmay_hedge_maze, st_stairs_4,
          minmay_heptomino_w4, uniq_jessica, uniq_natasha
D:3:      layout_basic, mainiacjoe_overflow_six_doors_small,
          grunt_temple_overflow_open, minmay_checkerbox
D:4:      layout_loops_ring, nicolae_dithmenos_through_a_glass_darkly,
          minmay_pentangle, uniq_crazy_yiuf_cottage
D:5:      layout_basic, gammafunk_temple_overflow_elements,
          minmay_temple_entry_mist, nicolae_grassy_gnolls, uniq_edmund
D:6:      layout_rooms, nicolae_overflow_crystal_walls, marbit_many_paths,
          nicolae_kikubaaqudgha_miasma_corner, mainiacjoe_overflow_paths,
          lemuel_doored_altar, lemuel_round_altar, uniq_grinder, uniq_eustachio,
          uniq_sigmund, uniq_maggie
D:7:      layout_loops_corners, nicolae_tso_besieged_by_evil,
          mainiacjoe_overflow_boulevard, gup_ossuary_entry_pyramid, uniq_pikel
D:8:      layout_loops_ring, xom_teletrap_fun,
          mainiacjoe_overflow_concentric_impassable, nemelex_spade_bored_becter,
          nicolae_shop_distant_corner_stores, uniq_gastronok
D:9:      layout_loops_corners, mainiacjoe_overflow_24_doors,
          lemuel_round_altar, nicolae_qazlal_general_emergency
D:10:     layout_basic, nicolae_ru_path_of_blood, david_lair_shrubbed,
          david_orc_2, nicolae_elemental_shop, minmay_fractal_squares_gapless_7
D:11:     layout_rooms, nicolae_trove_entry_isolated,
          chequers_serial_rivers_micro_d
D:12:     layout_small_grid, minivault_16, zin_treasury, uniq_nessos
Temple:   ebering_the_one_and_only

Skill      XL: |  1  2  3  4  5  6  7  8  9 10 11 |
---------------+----------------------------------+-----
Fighting       | 4 5 6 7 8 10 11 13 | 13.4
Maces & Flails | 3 4 5 6 8 9 11 13 | 13.1
Shields        | 4 5 6 7 8 10 | 10.1
Armour         | 4 5 6 7 8 10 | 10.2
Invocations    | 1 3 4 6 |  6.2

Action                     |  1- 3 |  4- 6 |  7- 9 | 10-12 || total
---------------------------+-------+-------+-------+-------++-------
  Melee: Flail             |    55 |   171 |   356 |   551 ||  1133
         Headbutt          |     7 |    28 |    86 |   140 ||   261
 Invoke: Minor Destruction |       |       |       |    22 ||    22
    Use: Potion            |       |       |     1 |     3 ||     4
 Armour: Scale mail        |    45 |    61 |       |       ||   106
         Chain mail        |       |    45 |   292 |   445 ||   782
  Dodge: Dodged            |    32 |    72 |   142 |   157 ||   403
  Block: Buckler           |    23 |    29 |    91 |   156 ||   299

Table legend: (Time is in decaauts)
 A = Elapsed time spent in this place.
 B = Non-inter-level travel time spent in this place.
 C = Inter-level travel time spent in this place.
 D = Time resting spent in this place.
 E = Time spent auto-exploring this place.
 F = Levels seen in this place.
 G = Mean time per level.
                   A        B        C        D        E       F      G
               +--------+--------+--------+--------+--------+-----+--------+
         Total |  13586 |  13006 |    580 |   2029 |   8628 |  14 |  970.4 |
       Dungeon |  13378 |  12798 |    580 |   2029 |   8528 |  12 | 1114.8 |
        Temple |     10 |     10 |      0 |      0 |      0 |   1 |   10.0 |
       Ossuary |    198 |    198 |      0 |      0 |    100 |   1 |  198.0 |
               +--------+--------+--------+--------+--------+-----+--------+

Top non-repeatable levels by time:
    D:10: 2500 daAuts
     D:4: 1686 daAuts
     D:9: 1322 daAuts
     D:7: 1282 daAuts
     D:5: 1208 daAuts
     D:8: 1116 daAuts
     D:6: 932 daAuts
     D:2: 810 daAuts
    D:11: 808 daAuts
     D:1: 676 daAuts
     D:3: 532 daAuts
    D:12: 502 daAuts
 Ossuary: 198 daAuts
  Temple: 10 daAuts
